 Dungeon Crawl Stone Soup version 0.28.0-43-g3370ac3207 (webtiles) character file.

Game seed: 1490395631838359162

7722 Ablot the Magician (level 11, -3/85 HPs)
             Began as a Gnoll Warper on Mar 18, 2022.
             Was an Elder of Okawaru.
             Slain by a skeletal warrior
             ... wielding a +1 vorpal flail
              (15 damage)
             ... on level 10 of the Dungeon.
             The game lasted 00:22:20 (11559 turns).

Ablot the Magician (Gnoll Warper)                  Turns: 11559, Time: 00:22:20

Health: -3/85      AC: 11    Str: 15    XL:     11   Next: 19%
Magic:  22/22      EV: 15    Int: 12    God:    Okawaru [****..]
Gold:   268        SH:  0    Dex: 20    Spells: 23/25 levels left

rFire   x . .      SeeInvis .   b - +2 short sword (speed)
rCold   . . .      Faith    .   E - +0 buckler "Roabburi" {Fly rElec rF- Dex+2}
rNeg    + . .      Spirit   .   R - +2 ring mail {rN+}
rPois   .          Reflect  +   J - +0 helmet
rElec   +          Harm     .   P - +0 cloak
rCorr   .          Rampage  .   (no gloves)
Will    .....                   (no boots)
Stlth   +.........              k - amulet of reflection
HPRegen 0.24/turn               T - +6 ring of dexterity
MPRegen 0.18/turn               i - +4 ring of slaying

@: confused, finesse-ful, ambrosia-drunk, flying
A: fangs 1, strong nose, distributed training
a: Renounce Religion, Heroism, Finesse


You were on level 10 of the Dungeon.
You worshipped Okawaru.
Okawaru was greatly pleased with you.
You visited 2 branches of the dungeon, and saw 11 of its levels.
You also visited: Sewer.

You collected 268 gold pieces.

Inventory:

Hand Weapons
 a - a +0 spear
 b - a +2 short sword of speed (weapon)
 I - a +1 short sword of venom
Missiles
 d - 6 boomerangs of dispersal
 f - 190 stones
 h - 38 bolts
 m - 15 poisoned darts (quivered)
 o - 88 sling bullets
 u - 164 arrows
 w - 3 throwing nets
Armour
 x - the +0 ring mail "Efod" {rN+++ Str+5 Dex-4}
   (You found it on level 3 of the Dungeon)

   Str:       It affects your strength (+5).
   Dex:       It affects your dexterity (-4).
   rN:        It renders you almost immune to negative energy.
 E - the +0 buckler "Roabburi" (worn) {Fly rElec rF- Dex+2}
   (You found it on level 4 of the Dungeon)

   Dex:       It affects your dexterity (+2).
   rF:        It makes you vulnerable to fire.
   rElec:     It insulates you from electricity.
   Fly:       It grants you flight.
 J - a +0 helmet (worn)
 O - a +0 buckler
 P - a +0 cloak (worn)
 R - a +2 ring mail of positive energy (worn)
Jewellery
 i - a +4 ring of slaying (right hand)
 k - an amulet of reflection (around neck)
 F - a +6 ring of strength
 S - a ring of fire
 T - a +6 ring of dexterity (left hand)
Wands
 y - a wand of paralysis (2)
 G - a wand of mindburst (15)
 H - a wand of iceblast (22)
 K - a wand of polymorph (9)
Scrolls
 c - 3 scrolls of blinking
 e - 3 scrolls of teleportation {unknown}
 j - 2 scrolls of amnesia {unknown}
 p - a scroll of magic mapping {unknown}
 q - a scroll of summoning {unknown}
 r - 3 scrolls of noise {unknown}
 v - 2 scrolls of enchant armour {unknown}
 B - 2 scrolls of holy word {unknown}
 C - 2 scrolls of vulnerability {unknown}
 L - a scroll of silence {unknown}
 Q - 2 scrolls of fear {unknown}
 U - a scroll of immolation {unknown}
Potions
 l - 9 potions of curing
 s - a potion of invisibility
 t - a potion of cancellation
 z - 2 potions of might
 D - 2 potions of resistance
 M - a potion of attraction
 N - 3 potions of lignification


   Skills:
 + Level 7.7 Fighting
 + Level 6.0 Short Blades
 + Level 6.0 Long Blades
 + Level 6.0 Axes
 + Level 6.0 Maces & Flails
 + Level 7.7 Polearms
 + Level 6.0 Staves
 + Level 6.0 Slings
 + Level 6.0 Bows
 + Level 6.0 Crossbows
 + Level 6.6 Throwing
 + Level 6.6 Armour
 + Level 7.7 Dodging
 + Level 6.0 Stealth
 + Level 6.0 Shields
 + Level 6.0 Unarmed Combat
 + Level 7.9 Spellcasting
 + Level 5.0 Conjurations
 + Level 5.0 Hexes
 + Level 5.0 Summonings
 + Level 5.0 Necromancy
 + Level 7.5 Translocations
 + Level 5.0 Transmutations
 + Level 5.0 Fire Magic
 + Level 5.0 Ice Magic
 + Level 5.0 Air Magic
 + Level 5.0 Earth Magic
 + Level 5.0 Poison Magic
 + Level 6.6 Invocations
 + Level 6.0 Evocations


You had 23 spell levels left.
You knew the following spells:

 Your Spells              Type           Power      Damage    Failure   Level
a - Blink                 Tloc           44%        N/A       2%          2

Your spell library contained the following spells:

 Spells                   Type           Power      Damage    Failure   Level
 Foxfire                  Conj/Fire      64%        2x1d7     4%          1
 Shock                    Conj/Air       64%        1d7       4%          1
 Gell's Gravitas          Tloc           22%        N/A       4%          3
 Lesser Beckoning         Tloc           22%        N/A       4%          3
 Teleport Other           Tloc           22%        N/A       4%          3
 Conjure Flame            Conj/Fire      16%        6-21      13%         3
 Inner Flame              Hex/Fire       16%        N/A       13%         3
 Swiftness                Air            16%        N/A       13%         3
 Airstrike                Air            8%         N/A       38%         4
 Flame Wave               Conj/Fire      16%        2d6       38%         4
 Manifold Assault         Tloc           22%        N/A       38%         5


Dungeon Overview and Level Annotations

Branches:
Dungeon (10/15)            Temple (1/1) D:5            Lair (0/6) D:8
  Sewer (visited)
    Orc: D:9-12

Altars:
Ashenzari
Cheibriados
Dithmenos
Elyvilon
Gozag
Hepliaklqana
Kikubaaqudgha
Makhleb
Nemelex Xobeh
Okawaru
Qazlal
Ru
Trog
Uskayaw
Vehumet
Wu Jian
Xom
Yredelemnul
Zin
The Shining One
Jiyva

Annotations:
D:8 3 runed translucent doors, exclusion: 3 doors, Elsvaer's ghost, novice HOMo


Innate Abilities, Weirdness & Mutations

You have very sharp teeth.
Your uncanny sense of smell can sniff out nearby items.
Your experience applies equally to all skills.


Message History

You hit the skeletal warrior but do no damage.
The skeletal warrior is heavily damaged.
You hit the skeletal warrior but do no damage.
The skeletal warrior is heavily damaged.
You hit the skeletal warrior but do no damage.
The skeletal warrior is heavily damaged.
The skeletal warrior hits you with a +1 vorpal flail.
* * * LOW HITPOINT WARNING * * *
x2 You hit the skeletal warrior but do no damage.
The skeletal warrior is heavily damaged.
You hit the skeletal warrior but do no damage.
You bite the skeletal warrior.
The skeletal warrior is severely damaged.
You closely miss the skeletal warrior. Your bite misses the skeletal warrior.
The skeletal warrior is severely damaged.
You hit the skeletal warrior.
The skeletal warrior is severely damaged.
You hit the skeletal warrior but do no damage.
You bite the skeletal warrior, but do no damage.
The skeletal warrior is severely damaged.
The skeletal warrior barely misses you.
You closely miss the skeletal warrior.
The skeletal warrior is severely damaged.
You hit the skeletal warrior.
The skeletal warrior is severely damaged.
You barely miss the skeletal warrior.
You bite the skeletal warrior, but do no damage.
The skeletal warrior is severely damaged.
You puncture the skeletal warrior!
The skeletal warrior is severely damaged.
The skeletal warrior hits you with a +1 vorpal flail!
* * * LOW HITPOINT WARNING * * *
x2 You hit the skeletal warrior.
Your bite misses the skeletal warrior.
The skeletal warrior is almost destroyed.
Unknown command.
You are confused.
You feel invigorated.
You feel like a meek peon again.
The skeletal warrior hits you with a +1 vorpal flail!
You die...

......... #.#.####...##.#.....
.......# #.###..####....#.....
.....### ###.# #.#..####..#..###
.....# ..# #.###..####...# .....#
###.# ##..###..###..# #....# #.#
####..###.....# #....#
#.##..###..####..# '....#
#.#.#....###....# #....# ∆
#@.##.###......# #....# ∆∆
##z.###........# #....#
∆∆∆#..[..###..........### #....#
)C..####............... #....#
.C###.................. #....#
###.............####### #....#
###.))............#......
.....####.)..)............#......
..........)...............#......


You could see a skeletal warrior.

Vanquished Creatures
  A death yak (D:8)
  The ghost of dangdung the Martial Artist, a novice OpTm of Okawaru (D:7)
  2 cyclopes (D:10)
  An ugly thing (D:7)
  Prince Ribbit (D:7)
  A hornet (D:8)
  2 basilisks (D:8)
  2 wyverns
  3 yaks (D:8)
  2 vampire mosquitoes (D:9)
  2 steam dragons
  3 water moccasins
  An acid dragon (D:9)
  2 orc warriors
  3 black bears
  3 necrophages
  3 sky beasts
  An ogre (D:6)
  3 centaurs
  2 phantoms
  A kobold brigand (D:8)
  A bullfrog (D:6)
  2 scorpions
  A water moccasin zombie (D:6)
  5 killer bees (D:9)
  4 wights (D:8)
  3 centaur zombies
  A bullfrog zombie (D:5)
  3 quasits (D:7)
  A jelly (D:5)
  2 gnoll shamans (D:7)
  4 centaur skeletons
  2 hounds (D:6)
  3 iguanas
  5 orc wizards
  A hound skeleton (D:4)
  11 gnolls
  2 river rats (D:3)
  10 adders
  2 shadow imps
  3 white imps
  3 ufetubi
  2 adder zombies (D:2)
  6 adder skeletons
  2 dart slugs
  14 orcs
  5 ball pythons
  3 endoplasms
  4 giant cockroaches
  10 goblins
  10 hobgoblins
  3 jackals (D:4)
  8 kobolds
  6 quokkas
  2 ball python skeletons (D:2)
  7 bats
  6 frilled lizards
  A giant cockroach zombie (D:2)
  A quokka skeleton (D:2)
  A quokka zombie (D:2)
  5 rats
205 creatures vanquished.

Notes
Turn   | Place    | Note
-------+----------+-------------------------------------------
     0 | D:1      | Ablot the Gnoll Warper began the quest for the Orb.
     0 | D:1      | Reached XP level 1. HP: 20/20 MP: 6/6
   184 | D:1      | Reached XP level 2. HP: 19/26 MP: 7/7
   187 | D:1      | Learned a level 2 spell: Blink
   833 | D:2      | Reached XP level 3. HP: 31/31 MP: 9/9
   923 | D:2      | Reached skill level 5 in Spellcasting
  1020 | D:2      | Reached skill level 1 in Invocations
  1211 | D:2      | Reached skill level 1 in Short Blades
  1211 | D:2      | Reached skill level 1 in Long Blades
  1211 | D:2      | Reached skill level 1 in Axes
  1211 | D:2      | Reached skill level 1 in Maces & Flails
  1211 | D:2      | Reached skill level 1 in Staves
  1211 | D:2      | Reached skill level 1 in Slings
  1211 | D:2      | Reached skill level 1 in Bows
  1211 | D:2      | Reached skill level 1 in Crossbows
  1211 | D:2      | Reached skill level 1 in Stealth
  1211 | D:2      | Reached skill level 1 in Shields
  1211 | D:2      | Reached skill level 1 in Unarmed Combat
  1211 | D:2      | Reached skill level 1 in Evocations
  1211 | D:2      | Reached XP level 4. HP: 37/38 MP: 11/11
  1855 | D:3      | Noticed a scorpion
  1914 | D:3      | Reached skill level 1 in Conjurations
  1914 | D:3      | Reached skill level 1 in Hexes
  1914 | D:3      | Reached skill level 1 in Summonings
  1914 | D:3      | Reached skill level 1 in Necromancy
  1914 | D:3      | Reached skill level 1 in Transmutations
  1914 | D:3      | Reached skill level 1 in Fire Magic
  1914 | D:3      | Reached skill level 1 in Ice Magic
  1914 | D:3      | Reached skill level 1 in Air Magic
  1914 | D:3      | Reached skill level 1 in Earth Magic
  1914 | D:3      | Reached skill level 1 in Poison Magic
  1940 | D:2      | Reached XP level 5. HP: 18/43 MP: 12/12
  2361 | D:3      | Identified the +0 ring mail "Efod" {rN+++ Str+5 Dex-4}
  2385 | D:3      | Noticed a necrophage
  2523 | D:3      | Found a faded altar of an unknown god.
  3174 | D:3      | Reached XP level 6. HP: 50/50 MP: 13/13
  3231 | D:3      | Killed a necrophage
  3232 | D:3      | Reached skill level 5 in Fighting
  3232 | D:3      | Reached skill level 5 in Polearms
  3232 | D:3      | Reached skill level 5 in Dodging
  3433 | D:4      | Found a glowing drain.
  3557 | Sewer    | Entered a sewer
  3649 | Sewer    | Reached XP level 7. HP: 27/56 MP: 15/15
  4163 | D:4      | Identified the +0 buckler "Roabburi" {Fly rElec rF- Dex+2}
  4536 | D:5      | Entered Level 5 of the Dungeon
  4891 | D:5      | Found a staircase to the Ecumenical Temple.
  4898 | Temple   | Entered the Ecumenical Temple
  5239 | Temple   | Became a worshipper of Warmaster Okawaru
  5300 | D:5      | Reached XP level 8. HP: 63/63 MP: 16/16
  6242 | D:6      | Reached * piety under Okawaru
  6858 | D:6      | Reached XP level 9. HP: 46/69 MP: 18/18
  7188 | D:7      | Noticed Prince Ribbit
  7198 | D:7      | Killed Prince Ribbit
  7302 | D:7      | Reached ** piety under Okawaru
  7412 | D:7      | Noticed dangdung's ghost (novice OpTm)
  7429 | D:7      | Found a transporter.
  7478 | D:7      | Found a transporter.
  7533 | D:7      | Reached skill level 5 in Throwing
  7533 | D:7      | Reached skill level 5 in Armour
  7750 | D:7      | Noticed a purple ugly thing
  7754 | D:7      | Killed a purple ugly thing
  8037 | D:7      | Reached skill level 5 in Invocations
  8273 | D:7      | Killed dangdung's ghost
  8273 | D:7      | Reached *** piety under Okawaru
  8274 | D:7      | Reached XP level 10. HP: 69/77 MP: 20/20
  8486 | D:8      | Reached skill level 5 in Short Blades
  8486 | D:8      | Reached skill level 5 in Long Blades
  8486 | D:8      | Reached skill level 5 in Axes
  8486 | D:8      | Reached skill level 5 in Maces & Flails
  8486 | D:8      | Reached skill level 5 in Staves
  8486 | D:8      | Reached skill level 5 in Slings
  8486 | D:8      | Reached skill level 5 in Bows
  8486 | D:8      | Reached skill level 5 in Crossbows
  8486 | D:8      | Reached skill level 5 in Stealth
  8486 | D:8      | Reached skill level 5 in Shields
  8486 | D:8      | Reached skill level 5 in Unarmed Combat
  8486 | D:8      | Reached skill level 5 in Evocations
  8722 | D:8      | Found a runed translucent gate.
  8722 | D:8      | Found a runed translucent gate.
  8723 | D:8      | Found a runed translucent gate.
  8723 | D:8      | Noticed Elsvaer's ghost (novice HOMo)
  8733 | D:8      | Found a viscous altar of Jiyva.
  8748 | D:8      | Noticed a death yak
  8927 | D:8      | Found a staircase to the Lair.
  8973 | D:8      | Killed a death yak
  9461 | D:8      | Reached **** piety under Okawaru
 10595 | D:9      | Reached XP level 11. HP: 31/84 MP: 22/22
 10971 | D:10     | Entered Level 10 of the Dungeon
 11479 | D:10     | Noticed a cyclops
 11479 | D:10     | Noticed a cyclops
 11503 | D:10     | Killed a cyclops
 11504 | D:10     | Reached skill level 5 in Conjurations
 11504 | D:10     | Reached skill level 5 in Hexes
 11504 | D:10     | Reached skill level 5 in Summonings
 11504 | D:10     | Reached skill level 5 in Necromancy
 11504 | D:10     | Reached skill level 5 in Transmutations
 11504 | D:10     | Reached skill level 5 in Fire Magic
 11504 | D:10     | Reached skill level 5 in Ice Magic
 11504 | D:10     | Reached skill level 5 in Air Magic
 11504 | D:10     | Reached skill level 5 in Earth Magic
 11504 | D:10     | Reached skill level 5 in Poison Magic
 11513 | D:10     | Killed a cyclops
 11513 | D:10     | Noticed a skeletal warrior
 11559 | D:10     | Slain by a skeletal warrior

Illustrated notes

Levels and vault maps discovered:
D:1:      dpeg_arrival_yet_another_circle, layout_loops_ring,
          chequers_mini_garden
D:2:      layout_basic, serial_undead, serial_undead_a, serial_undead_e,
          serial_undead_b, serial_undead_c, serial_undead_d, serial_undead_b,
          serial_undead_a, serial_undead_b
D:3:      layout_loops_cross, shapermc_ecumenical_altar_acropolis,
          skrybe_limestone_x, serial_park_tiny_pond
D:4:      layout_cave_pools, portal_sewer_entry_a
D:5:      layout_basic, minmay_temple_entry_junction_2
D:6:      kennysheep_spiral_hall, layout_loops_ring
D:7:      layout_loops_ring, gammafunk_ghost_stat_death,
          corexii_item_surrounded_by_moat, minmay_misc_feat_encased,
          uniq_prince_ribbit1
D:8:      layout_rooms, david_lair_generic, gammafunk_ghost_ooze,
          minmay_misc_feat_chi
D:9:      layout_roguey
D:10:     minmay_the_grid_triangle_9x9_rhombus_thin
          [minmay_the_grid_triangle_9x9_minimal,
          minmay_the_grid_triangle_9x9_prize_schism,
          minmay_the_grid_triangle_9x9_descending_squares,
          minmay_the_grid_triangle_9x9_longest], layout_irregular_city,
          jmf_multi_god_temple2
Temple:   mainiacjoe_temple_cubbyholes

Skill      XL: |  1  2  3  4  5  6  7  8  9 10 11 |
---------------+----------------------------------+-----
Spellcasting   | 5 6 7 |  7.9
Invocations    | 1 2 3 4 5 6 |  6.6
Short Blades   | 1 2 3 4 5 6 |  6.0
Long Blades    | 1 2 3 4 5 6 |  6.0
Axes           | 1 2 3 4 5 6 |  6.0
Maces & Flails | 1 2 3 4 5 6 |  6.0
Staves         | 1 2 3 4 5 6 |  6.0
Slings         | 1 2 3 4 5 6 |  6.0
Bows           | 1 2 3 4 5 6 |  6.0
Crossbows      | 1 2 3 4 5 6 |  6.0
Stealth        | 1 2 3 4 5 6 |  6.0
Shields        | 1 2 3 4 5 6 |  6.0
Unarmed Combat | 1 2 3 4 5 6 |  6.0
Evocations     | 1 2 3 4 5 6 |  6.0
Conjurations   | 1 2 3 4 5 |  5.0
Hexes          | 1 2 3 4 5 |  5.0
Summonings     | 1 2 3 4 5 |  5.0
Necromancy     | 1 2 3 4 5 |  5.0
Transmutations | 1 2 3 4 5 |  5.0
Fire Magic     | 1 2 3 4 5 |  5.0
Ice Magic      | 1 2 3 4 5 |  5.0
Air Magic      | 1 2 3 4 5 |  5.0
Earth Magic    | 1 2 3 4 5 |  5.0
Poison Magic   | 1 2 3 4 5 |  5.0
Throwing       | 3 4 5 6 |  6.6
Armour         | 3 4 5 6 |  6.6
Fighting       | 5 6 7 |  7.7
Polearms       | 5 6 7 |  7.7
Dodging        | 5 6 7 |  7.7
Translocations | 6 7 |  7.5

Action                   |  1- 3 |  4- 6 |  7- 9 | 10-12 || total
-------------------------+-------+-------+-------+-------++-------
Melee: Spear             |    90 |   171 |    67 |       ||   328
       Bite              |     6 |    12 |    37 |    36 ||    91
       Punch             |       |     2 |       |       ||     2
       Dagger            |       |       |   238 |    19 ||   257
       Short sword       |       |       |       |   300 ||   300
Throw: Dart              |       |     8 |    23 |    11 ||    42
 Cast: Blink             |       |       |     2 |       ||     2
Invok: Heroism           |       |       |       |     2 ||     2
       Finesse           |       |       |       |     1 ||     1
Evoke: Wand              |       |       |     3 |       ||     3
  Use: Potion            |       |       |       |     2 ||     2
       Scroll            |       |       |       |     8 ||     8
 Stab: Sleeping          |     1 |     1 |    10 |     4 ||    16
Armor: Leather armour    |    11 |    20 |    30 |       ||    61
       Ring mail         |       |    13 |    38 |    51 ||   102
Dodge: Dodged            |    37 |    50 |    94 |    88 ||   269
Block: Other             |     7 |    27 |     5 |       ||    39
       Buckler           |       |       |   109 |   124 ||   233
       Reflection        |       |       |       |     3 ||     3
